 Dungeon Crawl Stone Soup version 0.20.1-1-g8b1a95d (webtiles) character file.

1303 Gargoyl the Covered (level 8, -6/70 HPs)
             Began as a Minotaur Abyssal Knight on Sept 1, 2017.
             Was a Priest of Lugonu.
             Mangled by an orc warrior
             ... wielding a +0 long sword
              (13 damage)
             ... on level 6 of the Dungeon.
             The game lasted 00:10:30 (4202 turns).

Gargoyl the Covered (Minotaur Abyssal Knight)       Turns: 4202, Time: 00:10:31

Health: -6/70      AC: 12    Str: 17    XL:     8   Next: 31%
Magic:  10/10      EV:  8    Int:  9    God:    Lugonu [***...]
Gold:   84         SH:  3    Dex: 12    Spells: 7/7 levels left

rFire    . . .     SeeInvis .   a - +5 hand axe
rCold    . . .     Gourm    .   (no shield)
rNeg     . . .     Faith    .   t - +0 chain mail (curse)
rPois    .         Spirit   .   (helmet restricted)
rElec    .         Reflect  +   (no cloak)
rCorr    .         Harm     .   f - +1 pair of gloves
MR       .....                  (no boots)
Stlth    ..........             d - +3 amulet of reflection
Regen    0.3/turn               n - ring of stealth
MPRegen  0.2/turn               (no ring)

@: flying, very slightly contaminated, invisible
A: retaliatory headbutt, horns 2
a: Depart the Abyss, Bend Space, Banish, Renounce Religion


You were on level 6 of the Dungeon.
You worshipped Lugonu.
Lugonu was most pleased with you.
You were hungry.

You visited 1 branch of the dungeon, and saw 7 of its levels.
You visited the Abyss 1 time.

You collected 276 gold pieces.
You spent 192 gold pieces at shops.

Inventory:

Hand Weapons
 a - a +5 hand axe (weapon)
 x - a +0 hand axe of flaming
Armour
 f - a +1 pair of gloves (worn)
 t - a cursed +0 chain mail (worn)
Jewellery
 d - a +3 amulet of reflection (around neck)
 n - a ring of stealth (left hand)
Wands
 u - a wand of confusion (24/48)
 v - a wand of lightning (6/15)
Scrolls
 e - 3 scrolls of identify
 o - 2 scrolls of immolation
 p - a scroll of teleportation
 y - a scroll of fear
Potions
 b - a potion of flight
 i - 2 potions of haste {unknown}
 j - 2 potions of curing
 k - a potion of lignification {unknown}
 l - a potion of invisibility
 m - a potion of brilliance {unknown}
 r - a potion of mutation {unknown}
 s - a potion of degeneration {unknown}
 w - 2 potions of magic {unknown}
Comestibles
 c - 4 bread rations
 g - 6 meat rations
 h - 2 royal jellies
 q - 4 fruits


   Skills:
 + Level 5.9 Fighting
 + Level 7.0 Axes
 * Level 7.2 Armour
 + Level 3.5 Dodging
 * Level 4.0 Invocations


You had 7 spell levels left.
You didn't know any spells.

Dungeon Overview and Level Annotations

Branches:
Dungeon (7/15)
 Temple: D:4-7

Altars:
Cheibriados
Dithmenos
Elyvilon
Gozag
Kikubaaqudgha
Okawaru
Vehumet

Shops:
D:5 (   D:6 *


Innate Abilities, Weirdness & Mutations

You reflexively headbutt those who attack you in melee.
You have a pair of horns on your head.


Message History

The orc warrior hits you with a long sword.
You hit the orc warrior. Your headbutt misses the orc warrior.
The orc warrior is heavily wounded.
The orc warrior hits you but does no damage.
The orc warrior blocks your attack.
The orc warrior is heavily wounded.
The orc warrior hits you with a long sword!
* * * LOW HITPOINT WARNING * * *
You catch the helpless orc warrior completely off-guard!
You hit the orc warrior but do no damage.
Your headbutt misses the orc warrior.
The orc warrior is heavily wounded.
The orc warrior hits you with a long sword!
* * * LOW HITPOINT WARNING * * *
It was a potion of flight.
You feel very buoyant.
You fly up into the air.
Okay, then.
The orc warrior hits you with a long sword!
You die...

#.# #.# #.#
########.# #.#
#........## #.#
#.######..# #.#
#.# #..# #.#
#.# ###..# #.#
#.# #....###
#.#
#.####.#.......
#.#
#@#.......#####
#.# #o#.###..##
#.# #)#.# #..#
#.# #.#.# #..#
#.# #.#.###..#
#.###..)..[..#
#o..........##
#######.#####
######.. #.#
#..).z..


You could see an orc warrior.

Vanquished Creatures
  An orc warrior (D:6)
  2 ogres
  A black bear (D:2)
  2 centaurs
  Blork the orc (D:6)
  A scorpion (D:5)
  A wight (D:6)
  A howler monkey (D:4)
  2 crimson imps
  2 hounds
  2 bullfrog skeletons (D:6)
  2 orc wizards (D:6)
  2 centaur skeletons (D:4)
  Terence (D:3)
  An iguana (D:3)
  4 worker ants
  3 adders
  2 adder skeletons
  A worm (D:3)
  4 dart slugs
  9 orcs
  A ball python (D:3)
  2 giant cockroaches
  6 goblins
  11 hobgoblins
  20 jackals
  3 quokkas
  6 bats
  7 frilled lizards
  A giant cockroach zombie (D:5)
  A jackal zombie (D:5)
  3 kobolds
  A leopard gecko zombie (D:5)
  6 rats
113 creatures vanquished.

Vanquished Creatures (others)
  A hobgoblin (D:3)
  A kobold (D:3)
2 creatures vanquished.

Grand Total: 115 creatures vanquished

Notes
Turn   | Place    | Note
-------+----------+-------------------------------------------
     0 | Abyss:1  | Gargoyl the Minotaur Abyssal Knight began the quest for the Orb.
     0 | Abyss:1  | Reached XP level 1. HP: 19/19 MP: 1/1
    37 | Abyss:1  | Noticed a quasit
    37 | D:1      | Escaped the Abyss
   181 | D:1      | Reached * piety under Lugonu
   220 | D:1      | Reached XP level 2. HP: 27/27 MP: 2/2
   996 | D:2      | Reached XP level 3. HP: 30/33 MP: 3/3
  1207 | D:3      | Noticed a black bear
  1218 | D:2      | Killed a black bear
  1218 | D:2      | Reached XP level 4. HP: 28/41 MP: 4/4
  1341 | D:3      | You fall through a shaft for 3 floors!
  1341 | D:6      | Noticed a centaur
  1361 | D:6      | Killed a centaur
  1361 | D:6      | Reached XP level 5. HP: 16/47 MP: 5/5
  1362 | D:6      | Found an iron altar of Okawaru.
  1766 | D:5      | Entered Level 5 of the Dungeon
  1775 | D:5      | Reached XP level 6. HP: 53/53 MP: 7/7
  1806 | D:5      | Found a radiant altar of Vehumet.
  1820 | D:5      | Reached skill level 5 in Armour
  1874 | D:4      | Reached ** piety under Lugonu
  1906 | D:4      | Reached skill level 5 in Axes
  2215 | D:3      | Reached XP level 7. HP: 58/60 MP: 8/8
  2252 | D:3      | Found a white marble altar of Elyvilon.
  2279 | D:3      | Reached skill level 5 in Fighting
  2285 | D:3      | Found a radiant altar of Vehumet.
  2285 | D:3      | Noticed Terence
  2298 | D:3      | Killed Terence
  2358 | D:3      | Found a snail-covered altar of Cheibriados.
  2540 | D:3      | Found a shadowy altar of Dithmenos.
  3173 | D:5      | Reached *** piety under Lugonu
  3228 | D:5      | Found Cogeur's Antique Weapon Boutique.
  3240 | D:5      | Bought a runed hand axe for 192 gold pieces
  3428 | D:5      | Found an ancient bone altar of Kikubaaqudgha.
  3492 | D:6      | Found an opulent altar of Gozag.
  3494 | D:6      | Found Gozag's Platinum Reserve.
  3805 | D:6      | Reached XP level 8. HP: 60/69 MP: 9/9
  3880 | D:6      | Noticed Blork the orc
  3888 | D:6      | Killed Blork the orc
  4202 | D:6      | Mangled by an orc warrior

Skill      XL: |  1  2  3  4  5  6  7  8 |
---------------+-------------------------+-----
Invocations    | 2 3 4 |  4.0
Fighting       | 4 5 |  5.9
Armour         | 4 5 6 7 |  7.2
Axes           | 3 4 5 6 7 |  7.0
Dodging        | 2 3 |  3.5

Action                   |  1- 3 |  4- 6 |  7- 9 || total
-------------------------+-------+-------+-------++-------
Melee: Hand axe          |    71 |    65 |   166 ||   302
       Headbutt          |     6 |    12 |    32 ||    50
Invok: Depart the Abyss  |     1 |       |       ||     1
       Bend Space        |       |       |     1 ||     1
Evoke: Wand              |       |       |     1 ||     1
  Use: Scroll            |     5 |     4 |     5 ||    14
       Potion            |     1 |     1 |     3 ||     5
 Stab: Invisible         |       |       |     1 ||     1
  Eat: Chunk             |     1 |     3 |     6 ||    10
Armor: Leather armour    |     8 |       |       ||     8
       Ring mail         |    24 |    25 |     5 ||    54
       Chain mail        |       |       |    92 ||    92
Dodge: Dodged            |    53 |    42 |    75 ||   170
Block: Other             |    11 |     8 |    25 ||    44
       Reflection        |     1 |     1 |       ||     2
